 Dungeon Crawl Stone Soup version 0.15.0-13-gb296d5c (webtiles) character file.

142 CrazyArbalest the Bolt Thrower (level 5, -7/37 HPs)
             Began as a Demonspawn Hunter on Sept 2, 2014.
             Killed from afar by Natasha (8 damage)
             ... with a magic dart
             ... on Level 3 of the Dungeon.
             The game lasted 00:13:35 (2113 turns).

CrazyArbalest the Bolt Thrower (Demonspawn Hunter)  Turns: 2113, Time: 00:13:38

HP  -7/37        AC  4     Str 12      XL: 5   Next:  4%
MP   5/5         EV 12     Int 12      God:
Gold 45          SH  0     Dex 15      Spells:  0 memorised,  4 levels left

rFire  . . .     SeeInvis .     b - +1 hand crossbow
rCold  . . .     Clarity  .     d - +0 leather armour
rNeg   . . .     rCorr    .     (no shield)
rPois  .         rRot     .     (helmet restricted)
rElec  .         Spirit   .     (no cloak)
SustAb .         Warding  .     w - +0 pair of gloves
rMut   .         Stasis   .     (no boots)
Gourm  .                        (no amulet)
MR     .....                    (no ring)
                                (no ring)

@: slowed, very slow, not resistant to hostile enchantments, unstealthy
A: horns 1, powered by death 2
a: no special abilities


You were on level 3 of the Dungeon.
You were not hungry.

You visited 1 branch of the dungeon, and saw 3 of its levels.

You collected 45 gold pieces.

Inventory:

Hand weapons
 a - a +0 whip
 b - a +1 hand crossbow (weapon)
Missiles
 c - 11 bolts (quivered)
Armour
 d - a +0 leather armour (worn)
 w - a +0 pair of gloves (worn)
Comestibles
 f - 2 bread rations
 n - a meat ration
 r - a rotting chunk of hobgoblin flesh
 s - a rotting chunk of hobgoblin flesh
 t - a rotting chunk of bat flesh
Scrolls
 e - a scroll of identify {unknown}
 g - 4 scrolls of remove curse {unknown}
 h - 2 scrolls of teleportation {unknown}
 k - a scroll of noise {unknown}
 l - a scroll of amnesia {unknown}
 m - 2 scrolls of recharging {unknown}
 p - 2 scrolls of immolation {unknown}
 q - 2 scrolls of blinking {unknown}
Potions
 i - 3 potions of curing {unknown}
 u - a potion of restore abilities {unknown}


   Skills:
 + Level 1.2 Fighting
 * Level 0.6 Maces & Flails
 * Level 4.9 Crossbows
 + Level 1.3 Armour
 + Level 2.6 Dodging
 + Level 1.1 Stealth


You had 4 spell levels left.
You didn't know any spells.

Dungeon Overview and Level Annotations

Branches:
Dungeon (3/15)

Altars:
Xom
The Shining One

Annotations:
D:3 Natasha


Innate Abilities, Weirdness & Mutations

You have a pair of small horns on your head.
You can steal the life force of defeated enemies.


Message History

You feel yourself slow down. The rat misses you. Natasha closely misses you.
Firing (i - inventory):
c - 13 bolts (quivered)
Press: ? - help, Shift-Dir - straight line, f/p - rat
Aim: a rat You shoot a bolt.
The bolt hits the rat!
You kill the rat!
Natasha closely misses you. Natasha claws you! Natasha casts a spell at you.
The magic dart hits you!
* * * LOW HITPOINT WARNING * * *
Firing (i - inventory):
c - 12 bolts (quivered)
Press: ? - help, Shift-Dir - straight line, f - Natasha
Aim: Natasha carrying a wand of hasting {zapped: 1} (fast)
You shoot a bolt. The bolt barely misses Natasha.
Natasha claws you.
* * * LOW HITPOINT WARNING * * *
Natasha claws you.
* * * LOW HITPOINT WARNING * * *
Natasha stares at you and mumbles some strange words.
The magic dart hits you!
You die...

.#####......# #.# #..#.# .#
#......# #.#####..#.### .#
#......# #............#
.############ #............#
.#....#.....###.....%......#
.##.#...............#......#
.##.#.......###.....#......#
.##.#.......# #.....#......#
....#.......# #.@...#....###
#####.......# #.h(..#....######
............# ###..............
######......#####......#.......
####......##.........#......
#.......####.....##(##......
#.......# #.....##.# ......
#.......# #......#.# ....
#.......# #......#.# .


You could see Natasha.

Vanquished Creatures
  4 adders
  3 gnolls (D:2)
  A worm (D:2)
  6 giant geckos
  7 goblins
  10 hobgoblins
  4 jackals (D:2)
  9 kobolds
  9 bats
  4 giant cockroaches
  3 giant newts
  8 rats
68 creatures vanquished.

Notes
Turn   | Place    | Note
--------------------------------------------------------------
     0 | D:1      | CrazyArbalest, the Demonspawn Hunter, began the quest for the Orb.
     0 | D:1      | Reached XP level 1. HP: 15/15 MP: 1/1
   166 | D:1      | Reached skill level 4 in Crossbows
   166 | D:1      | Gained mutation: You can steal the life force of nearby defeated enemies. [demonic ancestry]
   166 | D:1      | Reached XP level 2. HP: 21/21 MP: 2/2
   817 | D:1      | Gained mutation: You have a pair of small horns on your head. [demonic ancestry]
   817 | D:1      | Reached XP level 3. HP: 26/26 MP: 3/3
  1173 | D:2      | Reached skill level 1 in Stealth
  1182 | D:2      | Found a glowing golden altar of the Shining One.
  1395 | D:2      | Reached skill level 1 in Armour
  1395 | D:2      | Gained mutation: You can steal the life force of defeated enemies. [demonic ancestry]
  1395 | D:2      | Reached XP level 4. HP: 19/32 MP: 4/4
  1975 | D:3      | Reached XP level 5. HP: 34/37 MP: 5/5
  2025 | D:3      | Found a shimmering altar of Xom.
  2099 | D:3      | Noticed Natasha
  2113 | D:3      | HP: 1/37 [Natasha (6)]
  2113 | D:3      | Killed from afar by Natasha

Action                   |  1- 3 |  4- 6 || total
-------------------------+-------+-------++-------
Melee: Whip              |   134 |    54 ||   188
 Fire: Hand crossbow     |    31 |    22 ||    53
  Eat: Chunk             |     2 |     2 ||     4
